 Dungeon Crawl Stone Soup version 0.22-a0-558-gc2241811a9 (webtiles) character file.

2170 PikkenKukken the Skirmisher (level 9, 0/68 HPs)
             Began as a Demonspawn Fighter on June 26, 2018.
             Slain by Joseph
             ... wielding a +4 quarterstaff of crushing
              (7 damage)
             ... on level 7 of the Dungeon.
             The game lasted 00:18:52 (7006 turns).

PikkenKukken the Skirmisher (Demonspawn Fighter)    Turns: 7006, Time: 00:18:52

Health: 0/68       AC:  7    Str: 19    XL:     9   Next: 11%
Magic:  9/9        EV: 13    Int:  9    God:
Gold:   220        SH:  0    Dex: 14    Spells: 8/8 levels left

rFire    . . .     SeeInvis .   z - +2 battleaxe
rCold    + . .     Gourm    .   (shield currently unavailable)
rNeg     . . .     Faith    .   b - +0 scale mail
rPois    .         Spirit   .   (helmet unavailable)
rElec    +         Reflect  .   (no cloak)
rCorr    .         Harm     .   (no gloves)
MR       .....                  (no boots)
Stlth    ..........             (no amulet)
HPRegen  0.21/turn              j - ring of protection from cold
MPRegen  0.11/turn              i - +1 ring of evasion

@: drained
A: horns 3, blurry vision 1, demonic guardian 1, foul stench 1, electricity
resistance, rot immunity
a: no special abilities


You were on level 7 of the Dungeon.
You were not hungry.

You visited 1 branch of the dungeon, and saw 7 of its levels.

You collected 220 gold pieces.

Inventory:

Hand Weapons
 a - a +0 battleaxe
 p - a +0 war axe
 z - a +2 battleaxe (weapon)
Missiles
 q - 64 bolts
 r - 8 tomahawks of returning (quivered)
 x - 46 arrows
Armour
 b - a +0 scale mail (worn)
 c - a +1 shield
 h - a +0 plate armour
Jewellery
 i - a +1 ring of evasion (right hand)
 j - a ring of protection from cold (left hand)
Wands
 l - a wand of polymorph (24)
 v - a wand of iceblast (8)
Scrolls
 e - 4 scrolls of remove curse
 o - 6 scrolls of teleportation
 t - 2 scrolls of identify
 y - a scroll of fear {unknown}
Potions
 d - 3 potions of might
 g - a potion of haste
 k - 2 potions of agility
 m - 2 potions of flight
 n - 2 potions of magic
 u - 2 potions of berserk rage
 w - a potion of mutation
Comestibles
 f - 9 rations
 s - 2 chunks of flesh


   Skills:
 + Level 5.6(4.7) Fighting
 + Level 4.6(3.7) Axes
 * Level 4.4(3.5) Throwing
 + Level 5.5(4.6) Armour
 + Level 5.4(4.5) Dodging
 - Level 3.5(2.6) Shields


You had 8 spell levels left.
You didn't know any spells.
Your spell library was empty.

Dungeon Overview and Level Annotations

Branches:
Dungeon (7/15)
 Temple: D:4-7

Altars:
Ashenzari
Cheibriados
Elyvilon
Hepliaklqana
Qazlal
Ru
Sif Muna
Vehumet
The Shining One

Shops:
D:6 ?   D:7 *

Annotations:
D:7 Joseph


Innate Abilities, Weirdness & Mutations

You have a pair of large horns on your head.
A weak demonic guardian rushes to your aid.
You may emit foul miasma when damaged in melee.
You are immune to rotting.
Scrolls take you a little longer to read.
You are resistant to electric shocks. (rElec)


Message History

You slash Joseph!
Joseph is severely wounded.
Joseph misses you.
Unknown command.
You hit Joseph.
Joseph is severely wounded.
Joseph hits you with an uncursed quarterstaff of crushing!
* * * LOW HITPOINT WARNING * * *
Unknown command.
You hit Joseph. Your headbutt misses Joseph.
Joseph is severely wounded.
Joseph hits you with an uncursed quarterstaff of crushing.
* * * LOW HITPOINT WARNING * * *
x2 Joseph looks sick.
Joseph hits you with an uncursed quarterstaff of crushing.
* * * LOW HITPOINT WARNING * * *
x2 You hit Joseph.
Joseph is almost dead.
Joseph hits you with an uncursed quarterstaff of crushing!
You die...

#.##.# #.##.# #....#
#.##.# #....#####
#รท##.##########.........
?............ .........
......####.####......
..........[#.......# ###
#..#......<#.......#....
#..###...[[#(...@......#
#..........[.))..@.....#
#.#####....#.(.(()..[..#
#.##.....###((.#.#.#.###
#. #.#......(..........
#. #.#.#..######.#.##..#
#.##...##......#.#... ..
#......##z.###.#.# ... .
###.......)# #.# .._.


You could see Joseph.

Vanquished Creatures
  Grinder (D:4)
  An ice beast (D:6)
  A sky beast (D:6)
  2 ogres
  An orc warrior (D:6)
  A bullfrog (D:5)
  A howler monkey (D:4)
  5 wights
  2 crimson imps
  5 orc priests
  4 hounds
  A jelly (D:5)
  Ijyb (D:3)
  4 worker ants
  4 orc wizards
  A hound skeleton (D:4)
  5 adders
  A river rat (D:4)
  A shadow imp (D:7)
  An ooze (D:2)
  4 worms
  2 dart slugs (D:2)
  5 leopard geckos
  7 orcs
  2 giant cockroaches
  7 goblins
  12 hobgoblins
  24 jackals
  7 kobolds
  4 quokkas
  2 ball pythons
  4 bats
  6 frilled lizards
  A leopard gecko skeleton (D:4)
  A quokka skeleton (D:5)
  12 rats
143 creatures vanquished.

Vanquished Creatures (collateral kills)
  Pikel (D:4)
  A water moccasin (D:3)
  A slave (D:4)
  An ogre (D:4)
  Blork the orc (D:5)
  A bullfrog (D:6)
  A howler monkey (D:6)
  A hound (D:4)
  4 orcs
  A giant cockroach (D:4)
  A quokka (D:6)
  A quokka skeleton (D:4)
15 creatures vanquished.

Grand Total: 158 creatures vanquished

Notes
Turn   | Place    | Note
-------+----------+-------------------------------------------
     0 | D:1      | PikkenKukken the Demonspawn Fighter began the quest for the Orb.
     0 | D:1      | Reached XP level 1. HP: 18/18 MP: 1/1
   212 | D:1      | Gained mutation: You are immune to rotting. [demonic ancestry]
   212 | D:1      | Reached XP level 2. HP: 17/24 MP: 2/2
   751 | D:1      | Gained mutation: A weak demonic guardian rushes to your aid. [demonic ancestry]
   751 | D:1      | Reached XP level 3. HP: 29/29 MP: 3/3
  1070 | D:2      | Reached skill level 1 in Throwing
  1381 | D:2      | Gained mutation: You have a pair of small horns on your head. [demonic ancestry]
  1381 | D:2      | Reached XP level 4. HP: 3/35 MP: 4/4
  1731 | D:2      | Reached XP level 5. HP: 24/42 MP: 5/5
  1910 | D:2      | Found a snail-covered altar of Cheibriados.
  1947 | D:2      | Found a white marble altar of Elyvilon.
  2534 | D:3      | Noticed a water moccasin
  2551 | D:3      | Killed a water moccasin
  2551 | D:3      | Reached skill level 1 in Dodging
  2551 | D:3      | Reached XP level 6. HP: 48/48 MP: 6/6
  2992 | D:4      | Noticed Grinder
  3004 | D:4      | Noticed Ijyb
  3067 | D:3      | Killed Ijyb
  3268 | D:4      | Paralysed by Grinder for 7 turns
  3290 | D:4      | Killed Grinder
  3497 | D:4      | Gained mutation: You have a pair of horns on your head. [demonic ancestry]
  3497 | D:4      | Reached XP level 7. HP: 32/53 MP: 7/7
  3954 | D:4      | Noticed Pikel
  3964 | D:4      | Killed Pikel
  4414 | D:5      | Entered Level 5 of the Dungeon
  4475 | D:5      | Noticed Blork the orc
  4485 | D:5      | Killed Blork the orc
  4640 | D:5      | Found a glowing golden altar of the Shining One.
  4651 | D:5      | Gained mutation: You have a pair of large horns on your head. [demonic ancestry]
  4651 | D:5      | Reached XP level 8. HP: 61/61 MP: 8/8
  4767 | D:5      | Found a deep blue altar of Sif Muna.
  4769 | D:5      | Gained mutation: Scrolls take you a little longer to read. [potion of mutation]
  4769 | D:5      | Gained mutation: You are resistant to electric shocks. (rElec) [potion of mutation]
  5390 | D:6      | Found Xole's Magic Scroll Shop.
  5399 | D:6      | Found a sacrificial altar of Ru.
  5453 | D:6      | Reached skill level 5 in Armour
  5471 | D:5      | Reached skill level 5 in Fighting
  5586 | D:6      | Found a hazy altar of Hepliaklqana.
  5613 | D:6      | Found a deep blue altar of Sif Muna.
  5622 | D:6      | Reached skill level 5 in Dodging
  5850 | D:6      | Found a shattered altar of Ashenzari.
  5851 | D:6      | Found a stormy altar of Qazlal.
  6188 | D:7      | Noticed Joseph
  6216 | D:7      | Found a radiant altar of Vehumet.
  6541 | D:7      | Found Xinoiv Kyne's Assorted Antiques.
  6556 | D:7      | Gained mutation: You may emit foul miasma when damaged in melee. [demonic ancestry]
  6556 | D:7      | Reached XP level 9. HP: 48/68 MP: 9/9
  7006 | D:7      | Slain by Joseph

Vault maps used:
D:1:      dpeg_arrival_radiant
D:2:      lemuel_doored_altar, lemuel_crystal_altar
D:4:      wad_river_or_something, gup_sewer_entry_spiral, uniq_ijyb, uniq_pikel,
          uniq_grinder
D:5:      lemuel_crystal_altar, kennysheep_mini_moat, first_ration,
          uniq_blork_the_orc
D:6:      kennysheep_orc_sif_temple, general_overflow_altar,
          nicolae_ru_awakened_eye, gammafunk_temple_overflow_statue,
          serial_curves, eino_curves_02, eino_curves_03,
          ebering_ghost_rock_garden, serial_shops, nicolae_shop_trees
D:7:      minmay_temple_entry_grid, basic_altar, serial_shops, shop, uniq_joseph

Skill      XL: |  1  2  3  4  5  6  7  8 |
---------------+-------------------------+-----
Axes           | 2 3 4 |  4.6
Shields        | 3 |  3.5
Armour         | 3 4 5 |  5.5
Throwing       | 1 2 4 |  4.4
Dodging        | 1 3 4 5 |  5.4
Fighting       | 4 5 |  5.6

Action                   |  1- 3 |  4- 6 |  7- 9 || total
-------------------------+-------+-------+-------++-------
Melee: War axe           |   109 |   121 |   162 ||   392
       Headbutt          |       |    13 |    48 ||    61
       Unarmed           |       |     1 |       ||     1
       Battleaxe         |       |       |    86 ||    86
  Use: Potion            |     6 |     1 |     2 ||     9
       Scroll            |     2 |     2 |     6 ||    10
 Stab: Distracted        |       |     4 |     1 ||     5
  Eat: Chunk             |     2 |     6 |     5 ||    13
       Ration            |       |       |     2 ||     2
Armor: Scale mail        |    54 |    39 |    76 ||   169
Dodge: Dodged            |    23 |    39 |   159 ||   221
Block: Shield            |    49 |    53 |    48 ||   150

Table legend:
 A = Spawn XP
 B = Non-spawn XP
 C = Spawn XP percentage of total XP
 D = Spawn monster count
 E = Non-spawn monster count
 F = Spawn count percentage of total count
 G = Total turns spent on level
                    A         B        C        D         E        F      G
               +---------+---------+-------+---------+---------+-------+---------
         Total |       0 |    3101 |   0.0 |       0 |     157 |   0.0 |  7006
               +---------+---------+-------+---------+---------+-------+---------
           D:1 |       0 |      41 |   0.0 |       0 |      23 |   0.0 |  1157
           D:2 |       0 |     164 |   0.0 |       0 |      27 |   0.0 |  1007
           D:3 |       0 |     234 |   0.0 |       0 |      24 |   0.0 |   923
           D:4 |       0 |     870 |   0.0 |       0 |      30 |   0.0 |  1327
           D:5 |       0 |     382 |   0.0 |       0 |      17 |   0.0 |  1065
           D:6 |       0 |     919 |   0.0 |       0 |      16 |   0.0 |  1092
           D:7 |       0 |     491 |   0.0 |       0 |      20 |   0.0 |   435
               +---------+---------+-------+---------+---------+-------+---------
